 Dungeon Crawl Stone Soup version 0.31-a0-1074-g0b22e4e0f1 (webtiles) character file.

Game seed: 1842010410820544942

489 Smoke131 the Trooper (level 7, -1/72 HPs)
             Began as an Ogre Gladiator on Dec 3, 2023.
             Splashed by a jelly's acid (7 damage)
             ... on level 4 of the Dungeon.
             The game lasted 00:10:32 (4256 turns).

Smoke131 the Trooper (Ogre Gladiator)               Turns: 4256, Time: 00:10:32

Health: -1/72      AC: -6    Str: 21    XL:     7   Next: 14%
Magic:  7/7        EV: 10    Int:  9    God:
Gold:   182        SH:  0    Dex: 10    Spells: 6/6 levels left

rFire   . . .        a - +0 trident (protect)
rCold   . . .        (no shield)
rNeg    . . .        b - +0 robe
rPois   .            c - +0 hat
rElec   .            (no cloak)
rCorr   .            (gloves unavailable)
SInv    .            (boots unavailable)
Will    .....        (no amulet)
Stlth   +            (no ring)
HPRegen 0.32/turn    (no ring)
MPRegen 0.10/turn

%: no passive effects
@: corroded, under a protective aura
A: large, unfitting armour, tough skin 1
a: no special abilities


You were on level 4 of the Dungeon.
You visited 1 branch of the dungeon, and saw 4 of its levels.

You collected 182 gold pieces.

Inventory:

Hand Weapons
 a - a +0 trident of protection (weapon)
Missiles
 d - 3 throwing nets
 h - 4 javelins
 i - a boomerang (quivered)
 m - 6 poisoned darts
Armour
 b - a +0 robe (worn)
 c - a +0 hat (worn)
Wands
 k - a wand of iceblast (6)
 t - a wand of charming (14)
Scrolls
 e - a scroll of enchant armour {unknown}
 g - a scroll of immolation
 s - a scroll of acquirement
Potions
 f - a potion of curing
 u - a potion of lignification


   Skills:
 + Level 5.1 Fighting
 + Level 5.0 Polearms
 + Level 5.0 Throwing
 - Level 3.0 Dodging


You had 6 spell levels left.
You didn't know any spells.
Your spell library contained the following spells:

 Spells                   Type           Power      Damage    Failure   Level
 Animate Dead             Necr           0%         N/A       99%         4
 Haunt                    Necr/Summ      0%         N/A       100%        7
 Infestation              Necr           0%         N/A       100%        8


Dungeon Overview and Level Annotations

Branches:
Dungeon (4/15)             Temple (0/1) D:4

Altars:
Makhleb
The Shining One

Annotations:
D:3 3 runed translucent doors, Savint's ghost, amateur MiBe


Innate Abilities, Weirdness & Mutations

You are too large for most types of armour.
You have tough skin. (AC +1)


Message History

The jelly hits you but does no damage.
You hit the jelly but do no damage.
Your hands burn!
The jelly is severely wounded.
The jelly completely misses you.
You hit the jelly. The acid corrodes you!
Your hands burn!
The jelly is severely wounded.
The jelly closely misses you.
You hit the jelly but do no damage.
Your hands burn!
The jelly is severely wounded.
The jelly hits you.
You are splashed with acid!
* * * LOW HITPOINT WARNING * * *
You hit the jelly but do no damage.
Your hands burn!
* * * LOW HITPOINT WARNING * * *
The jelly is severely wounded.
The jelly closely misses you.
You completely miss the jelly.
The jelly is severely wounded.
The jelly barely misses you.
You hit the jelly.
Your hands burn!
* * * LOW HITPOINT WARNING * * *
The jelly is almost dead.
The jelly hits you.
* * * LOW HITPOINT WARNING * * *
You are splashed with acid!
* * * LOW HITPOINT WARNING * * *
Throw: boomerang
Press: ? - help, Q - select action, (/) - cycle Shift-Dir - straight line, f - jelly
Aim: a jelly (almost dead, 89% to hit)
You throw a boomerang. The boomerang hits the jelly.
The jelly is almost dead.
The jelly misses you.
Throw: boomerang
Press: ? - help, Q - select action, (/) - cycle Shift-Dir - straight line, f/p - jelly
Aim: a jelly (almost dead, 89% to hit)
You throw a boomerang. The boomerang hits the jelly.
The jelly is almost dead.
The jelly hits you.
* * * LOW HITPOINT WARNING * * *
The acid corrodes you!
You are splashed with acid!
You die...

...,,,*,,*,,,,,,* *,,,,,*
...,,,*,,+,.....* *,,,,,*
...****,**,.....#########.,,,,***
...****,**###.............,,,,,,,
...,,,,,,*,...............,,,,,,,
...,,,,,,*,,#.............,,,,,,,
...,,,,,,*,,#.............,,,,,,,
####*,,,,+,,#............#+**,,,,
...#*,,*****#...@.........,,*,,,,
...##,,***,##..J#..##....#,,*,,,,
....#,,,,,,#....#........#,,*,,,,
....#,,,,,,#...###.......#,,*,,,,
#####,,,,,...............#,,*,,,,
*,,**....#.....#.....#,,*,,,,
*,,**..###..>..###...#,,**+**
*,,**+...#.....#.....#****,,,
#####,,*.................#,,**,,,


You could see a jelly.

Vanquished Creatures
  Grinder (D:3)
  A jelly (D:4)
  Ijyb (D:2)
  An iguana (D:4)
  Robin (D:3)
  A gnoll (D:1)
  10 adders
  An adder skeleton (D:2)
  An adder zombie (D:2)
  A worm (D:3)
  2 dart slugs (D:2)
  2 orcs
  A bat zombie (D:2)
  7 endoplasms
  5 giant cockroaches
  7 goblins
  7 hobgoblins
  3 quokkas
  6 ball pythons
  A ball python skeleton (D:2)
  A ball python zombie (D:2)
  6 bats
  5 frilled lizards
  A giant cockroach zombie (D:2)
  5 kobolds
  A quokka zombie (D:2)
  5 rats
84 creatures vanquished.

Vanquished Creatures (collateral kills)
  A quokka (D:4)
1 creature vanquished.

Grand Total: 85 creatures vanquished

Notes
Turn   | Place    | Note
-------+----------+-------------------------------------------
     0 | D:1      | Smoke131 the Ogre Gladiator began the quest for the Orb.
     0 | D:1      | Reached XP level 1. HP: 22/22 MP: 1/1
   187 | D:1      | Reached XP level 2. HP: 27/29 MP: 2/2
   585 | D:1      | Reached XP level 3. HP: 37/37 MP: 3/3
  1259 | D:2      | Reached XP level 4. HP: 40/48 MP: 4/4
  1620 | D:2      | Found a glowing golden altar of the Shining One.
  2146 | D:3      | Reached XP level 5. HP: 54/54 MP: 5/5
  2510 | D:3      | Found a runed translucent gate.
  2510 | D:3      | Found a runed translucent gate.
  2511 | D:3      | Found a runed translucent gate.
  2512 | D:3      | Noticed a kobold brigand
  2513 | D:3      | Noticed Savint's ghost (amateur MiBe)
  2524 | D:3      | Found a burning altar of Makhleb.
  2772 | D:3      | Noticed Robin
  2773 | D:3      | Noticed Ijyb
  2792 | D:2      | Killed Ijyb
  3116 | D:3      | Killed Robin
  3220 | D:3      | Noticed Grinder
  3258 | D:3      | Paralysed by Grinder for 5 turns
  3266 | D:3      | Paralysed by Grinder for 2 turns
  3274 | D:3      | Paralysed by Grinder for 4 turns
  3278 | D:3      | Killed Grinder
  3279 | D:3      | Reached skill level 5 in Fighting
  3279 | D:3      | Reached skill level 5 in Polearms
  3279 | D:3      | Reached XP level 6. HP: 25/66 MP: 6/6
  3560 | D:4      | Identified a scroll of acquirement
  3827 | D:4      | Reached XP level 7. HP: 72/72 MP: 7/7
  3913 | D:4      | Reached skill level 5 in Throwing
  4228 | D:4      | Found a staircase to the Ecumenical Temple.
  4256 | D:4      | Splashed by a jelly's acid

Illustrated notes

Levels and vault maps discovered:
D:1:      ncdulo_smallfort, layout_basic, minmay_indecisive_spiral
D:2:      layout_basic, basic_altar, serial_undead, serial_undead_d,
          serial_undead_f, serial_undead_e, serial_undead_b, serial_undead_b,
          serial_undead_e, minmay_tetromino_l4
D:3:      layout_basic, bloody_makhleb, gammafunk_ghost_nasty_kobolds,
          hangedman_abyss_or_decor_stabs, nicolae_goblin_pals, uniq_grinder
D:4:      layout_gridville, minmay_temple_entry_tees, uniq_pikel,
          uniq_crazy_yiuf_cottage

Skill      XL: |  1  2  3  4  5  6  7 |
---------------+----------------------+-----
Fighting       | 3 4 5 |  5.1
Dodging        | 3 |  3.0
Throwing       | 3 4 5 |  5.0
Polearms       | 5 |  5.0

Action                     |  1- 3 |  4- 6 |  7- 9 || total
---------------------------+-------+-------+-------++-------
  Melee: Trident           |    94 |   178 |    52 ||   324
         Punch             |     1 |       |     1 ||     2
  Throw: Javelin           |     8 |     4 |       ||    12
         Large rock        |     2 |     1 |       ||     3
         Dart              |       |    14 |       ||    14
         Throwing net      |       |     3 |       ||     3
         Boomerang         |       |       |     2 ||     2
  Evoke: Wand              |       |     5 |       ||     5
    Use: Potion            |       |     4 |       ||     4
         Scroll            |       |     7 |       ||     7
   Stab: Sleeping          |     1 |     1 |       ||     2
 Armour: Robe              |    67 |   150 |    41 ||   258
  Dodge: Dodged            |    61 |   108 |    29 ||   198

Table legend: (Time is in decaauts)
 A = Elapsed time spent in this place.
 B = Non-inter-level travel time spent in this place.
 C = Inter-level travel time spent in this place.
 D = Time resting spent in this place.
 E = Time spent auto-exploring this place.
 F = Levels seen in this place.
 G = Mean time per level.
                   A        B        C        D        E       F      G
               +--------+--------+--------+--------+--------+-----+--------+
         Total |   4295 |   4234 |     61 |    675 |   2595 |   4 | 1073.8 |
       Dungeon |   4295 |   4234 |     61 |    675 |   2595 |   4 | 1073.8 |
               +--------+--------+--------+--------+--------+-----+--------+

Top non-repeatable levels by time:
     D:2: 1479 daAuts
     D:3: 1089 daAuts
     D:1: 1013 daAuts
     D:4: 713 daAuts
